Map: [ESL] Moondance

Players

AqueroN

  • Race: Terran Terran
  • Spawn Location: 6:00

Krystianer - Winner!

  • Race: Protoss Protoss
  • Spawn Location: 12:00

Event: DreamHack SC2 Masters 2022 Atlanta (Online)

VOD

Have the link to the VOD?

Description

Time

  • Played on: Oct. 9, 2022, 10:37 a.m.
  • Length: 11:02

All games in this series

Show
View Real Time Build Order
Export as new Build Order

AqueroN Terran 

Build Orders:  

Get SALT Encoding   

  12  0:00  SCV  
  13  0:12  SCV  
  14  0:17  Supply Depot  
  14  0:24  SCV  
  15  0:39  SCV  
  15  0:41  Barracks  
  16  0:42  Refinery  
  16  0:51  SCV  
  16  0:53  Refinery  
  17  1:03  SCV  
  18  1:15  SCV  
  19  1:28  Reaper, Orbital Command  
  19  1:29  Supply Depot  
  20  1:41  Factory  
  20  1:53  SCV  
  21  2:00  Barracks Reactor  
  21  2:05  SCV  
  22  2:16  Command Center  
  22  2:19  SCV  
  23  2:25  Hellion  
  25  2:31  SCV  
  25  2:36  Reaper x2  
  28  2:40  Supply Depot  
  28  2:47  Hellion  
  30  2:53  Starport  
  30  2:56  SCV  
  31  3:08  Reaper x2  
  31  3:09  Hellion  
  35  3:16  SCV  
  36  3:20  Supply Depot  
  36  3:32  Factory Tech Lab  
  36  3:35  SCV, Orbital Command  
  36  3:40  Marine x2  
  39  3:43  Viking  
  39  3:47  SCV  
  42  3:53  Cyclone  
  41  3:59  SCV  
  41  4:03  SCV  
  41  4:07  Marine x2  
  43  4:11  SCV  
  43  4:14  Barracks  
  43  4:15  SCV  
  45  4:19  Barracks  
  45  4:22  Viking  
  47  4:25  SCV  
  47  4:27  SCV  
  49  4:32  Siege Tank  
  49  4:37  SCV  
  51  4:41  SCV  
  51  4:42  Marine  
  51  4:43  Bunker, Marine  
  51  4:49  SCV  
  51  4:51  Supply Depot  
  52  4:54  Liberator  
  52  4:59  SCV, Marine  
  56  5:01  Marine  
  56  5:02  Supply Depot  
  56  5:05  SCV  
  59  5:10  Marine x2  
  59  5:11  SCV  
  62  5:17  Marine  
  62  5:19  Marine  
  62  5:20  Siege Tank  
  67  5:25  SCV x2  
  67  5:27  Marine  
  71  5:35  Marine  
  69  5:37  Marine  
  69  5:38  Barracks Tech Lab  
  69  5:39  SCV x2  
  72  5:46  Supply Depot, Starport Tech Lab  
  72  5:47  Marine  
  73  5:52  Siege Tank  
  73  5:53  Supply Depot, Marine  
  73  5:55  Supply Depot, Marine  
  78  5:58  Refinery  
  78  6:03  Stimpack  
  78  6:08  SCV x2  
  80  6:14  Supply Depot, Marine x2  
  82  6:21  Combat Shield  
  82  6:22  Marine  
  82  6:23  Marine  
  84  6:27  Barracks  
  84  6:29  Supply Depot, Barracks  
  84  6:34  Marine x2  
  84  6:36  Starport Reactor  
  84  6:37  SCV x2  
  88  6:40  Refinery  
  88  6:42  Marauder x2  
  92  6:49  SCV x2  
  93  6:56  Marine x2  
  93  6:57  Siege Tank  
  93  7:00  Supply Depot  
  98  7:07  Marauder x2  
  102  7:10  Command Center  
  99  7:18  Marine  
  99  7:19  Marine  
  99  7:20  Barracks Tech Lab  
  97  7:24  SCV x2  
  97  7:26  Barracks Reactor  
  97  7:28  Marauder  
  97  7:29  Marauder  
  99  7:33  Supply Depot  
  101  7:37  Marine x2  
  101  7:39  Concussive Shells, Marauder  
  101  7:43  Medivac  
  104  7:45  Medivac  
  104  7:49  Marine x2  
  104  7:51  SCV x2  
  110  7:55  Marine x2  
  110  7:57  Supply Depot  
  108  7:58  Supply Depot  
  108  8:00  Supply Depot, Marine  
  108  8:07  Marine x2  
  108  8:08  Marauder x2  
  108  8:11  Siege Tank  
  117  8:19  Marauder  
  119  8:26  Marine x3  
  119  8:27  Marine  
  122  8:28  Medivac  
  122  8:29  Marauder x2  
  121  8:40  Marine  
  120  8:44  Marine  
  117  8:48  Marine x3  
  117  8:50  Marine x2  
  113  8:58  Marine  
  113  9:02  Marine  
  106  9:06  Marine x3  
  106  9:08  Marine  
  96  9:21  Marine x2  
  94  9:39  Marine x2  
  73  9:50  Marine x2  
  73  9:52  SCV, Marauder x3  
  62  9:53  SCV  
  62  9:54  Medivac  
  65  10:02  Marine x2  
  67  10:09  Widow Mine  
  67  10:13  Marauder, Marine x2  
  73  10:16  Medivac  
  73  10:23  Marauder  
  74  10:34  Marine  
  74  10:35  Marine x3  
  76  10:37  Marine  
  76  10:40  Widow Mine  
Show
View Real Time Build Order
Export as new Build Order

Krystianer Protoss - Winner!

Build Orders: 1 Gate Expand, Oracle Opening 

Get SALT Encoding   

  12  0:00  Probe  
  13  0:12  Probe  
  14  0:17  Pylon  
  14  0:24  Probe (Chrono Boost)  
  16  0:35  Gateway  
  16  0:36  Probe (Chrono Boost)  
  16  0:42  Probe (Chrono Boost)  
  16  0:45  Assimilator  
  17  0:50  Probe  
  18  1:02  Probe  
  19  1:15  Probe  
  20  1:21  Nexus  
  21  1:35  Cybernetics Core, Probe  
  21  1:40  Assimilator  
  21  1:48  Probe  
  21  1:51  Pylon  
  22  2:00  Probe  
  23  2:09  Adept (Chrono Boost)  
  23  2:12  Probe  
  26  2:15  Stargate  
  26  2:23  Warp Gate  
  26  2:24  Probe  
  26  2:32  Stalker  
  26  2:34  Probe (Chrono Boost)  
  26  2:36  Probe (Chrono Boost)  
  31  2:44  Probe (Chrono Boost)  
  31  2:45  Probe (Chrono Boost)  
  31  2:49  Shield Battery, Probe (Chrono Boost)  
  31  2:50  Probe (Chrono Boost)  
  34  2:59  Oracle (Chrono Boost)  
  34  3:02  Probe  
  38  3:06  Probe  
  38  3:11  Stalker  
  41  3:14  Probe  
  42  3:20  Gateway  
  42  3:25  Gateway  
  42  3:30  Probe  
  43  3:34  Twilight Council  
  43  3:35  Probe  
  43  3:40  Pylon  
  44  3:42  Probe  
  44  3:47  Probe  
  46  3:58  Probe  
  46  3:59  Probe  
  48  4:06  Blink (Chrono Boost)  
  48  4:07  Pylon  
  48  4:15  Probe  
  48  4:16  Probe, Assimilator  
  50  4:18  Nexus  
  50  4:26  Stalker  
  50  4:27  Pylon  
  50  4:28  Probe  
  53  4:31  Stalker  
  53  4:35  Stalker  
  54  4:41  Probe x2  
  55  4:50  Pylon  
  55  4:53  Probe  
  55  4:56  Stalker x2  
  55  4:58  Stalker  
  62  5:00  Probe  
  62  5:05  Probe  
  61  5:19  Stalker  
  61  5:21  Stalker, Pylon  
  61  5:23  Probe  
  61  5:26  Probe  
  62  5:35  Probe  
  62  5:41  Gateway  
  62  5:44  Stalker x2  
  62  5:46  Probe (Chrono Boost)  
  62  5:49  Probe (Chrono Boost)  
  68  5:50  Probe (Chrono Boost)  
  70  5:57  Probe (Chrono Boost)  
  70  5:59  Probe (Chrono Boost), Pylon  
  70  6:00  Probe (Chrono Boost)  
  70  6:02  Probe (Chrono Boost)  
  75  6:12  Stalker x2  
  75  6:13  Stalker  
  75  6:15  Probe (Chrono Boost)  
  80  6:19  Probe (Chrono Boost)  
  80  6:20  Probe (Chrono Boost)  
  80  6:22  Charge  
  81  6:33  Probe (Chrono Boost)  
  81  6:35  Stalker x2  
  81  6:36  Stalker  
  81  6:39  Probe (Chrono Boost)  
  89  6:40  Probe x2 (Chrono Boost)  
  90  6:49  Probe  
  90  6:51  Probe x2  
  93  7:00  Gateway  
  93  7:01  Gateway, Probe  
  93  7:03  Gateway  
  93  7:04  Pylon  
  93  7:06  Probe x2  
  96  7:13  Probe  
  95  7:18  Probe  
  95  7:19  Stalker x3  
  95  7:21  Probe  
  102  7:34  Gateway  
  102  7:35  Templar Archives  
  101  7:37  Assimilator  
  101  7:41  Pylon  
  101  7:42  Zealot, Pylon  
  101  7:43  Sentry  
  105  7:44  Gateway  
  105  7:50  Stalker x2  
  109  7:53  Probe  
  109  7:54  Probe  
  110  8:00  Zealot x3  
  110  8:07  Shield Battery, Psionic Storm  
  110  8:08  Zealot x2  
  114  8:15  Zealot x2  
  114  8:23  Stalker x2  
  113  8:30  Zealot x4  
  115  8:36  High Templar  
  115  8:37  Zealot  
  117  8:46  High Templar  
  119  8:51  Zealot x6  
  123  9:09  Zealot x2  
  127  9:12  Stalker x3  
  116  9:47  Pylon  
  116  9:56  Probe  
  116  9:59  Pylon  
  117  10:02  Pylon  
  117  10:03  Pylon  
  117  10:07  Stalker x4, Pylon  
  117  10:09  Pylon  
  117  10:10  Pylon  
  125  10:15  Pylon  
  125  10:17  Probe  
  125  10:20  Robotics Facility  
  126  10:23  Zealot x4  
  132  10:35  Stalker x3  
  138  10:39  Probe x2  
  140  10:45  Nexus  
  140  10:47  Probe  
  135  10:58  Zealot x5  
Tags
 
Add a new tag
Caveats
  • Supply blocks, unpowered buildings, or Contaminate may cause inaccurate times.
  • Supply counts are checked every 10 seconds.